 Dungeon Crawl Stone Soup version 0.24.0-13-gcf9b3192b9 (webtiles) character file.

Game seed: 11626147310113022560, levelgen mode: deterministic

366972 DavidChitty2 the Messiah (level 22, -22/211 HPs)
             Began as a Hill Orc Fighter on Nov 6, 2019.
             Was the Champion of Beogh.
             Killed from afar by a frost giant (47 damage)
             ... with a bolt of cold
             ... on level 3 of the Depths.
             The game lasted 01:24:21 (44748 turns).

DavidChitty2 the Messiah (Hill Orc Fighter)        Turns: 44748, Time: 01:24:22

Health: -22/211    AC: 28    Str: 32    XL:     22   Next: 57%
Magic:  34/45      EV: 10    Int: 14    God:    Beogh [******]
Gold:   3685       SH: 24    Dex: 12    Spells: 21/21 levels left

rFire    + . .     SeeInvis +   a - +7 broad axe (venom)
rCold    . . .     Gourm    .   T - +0 large shield
rNeg     . . .     Faith    .   W - +0 plate armour {rF+}
rPois    .         Spirit   .   l - +2 hat {MR+}
rElec    +         Reflect  .   M - scarf {repulsion}
rCorr    .         Harm     .   K - +2 pair of gloves
MR       ++...                  Y - +2 pair of boots "Inuhoa" {+Blink +Fly Int+4}
Stlth    ..........             N - amulet of regeneration
HPRegen  0.85/turn              z - ring of see invisible
MPRegen  0.29/turn              V - ring "Isadamue" {rElec MP+9 Str+5 Int+2, =R}

@: repel missiles
A: walk on water
}: 2/15 runes: decaying, gossamer
a: Smiting, Recall Orcish Followers, Give Item to Named Follower, Resurrection,
Renounce Religion, Evoke Blink, Evoke Flight


You were on level 3 of the Depths.
You worshipped Beogh.
Beogh was exalted by your worship.
You were not hungry.

You visited 7 branches of the dungeon, and saw 38 of its levels.
You visited the Abyss 1 time.
You also visited: Ossuary.

You collected 4500 gold pieces.
You spent 815 gold pieces at shops.

Inventory:

Hand Weapons
 a - a +7 broad axe of venom (weapon)
   (You acquired it on level 4 of the Swamp)
 b - the +9 flail "Bewnu" {speed, rC+ Str+2 Int+4}
   (You found it on level 6 of the Lair of Beasts)

   Attacks with this weapon are significantly faster.
   It affects your strength (+2).
   It affects your intelligence (+4).
   It protects you from cold.
Missiles
 H - 3 throwing nets (quivered) {!f}
Armour
 l - a +2 hat of magic resistance (worn)
   (You acquired it on level 4 of the Vaults)
 K - a +2 pair of gloves (worn)
   (You found it on level 1 of the Depths)
 M - a scarf of repulsion (worn)
   (You found it on level 2 of the Abyss)
 T - a +0 large shield (worn)
   (You found it on level 11 of the Dungeon)
 W - a +0 plate armour of fire resistance (worn)
   (You found it on level 1 of the Swamp)
 Y - the +2 pair of boots "Inuhoa" (worn) {+Blink +Fly Int+4}
   (You found it on level 13 of the Dungeon)

   It affects your intelligence (+4).
   It lets you fly.
   It lets you blink.
Jewellery
 f - an uncursed ring of ice
   (You found it on level 10 of the Dungeon)
 i - an uncursed ring of protection from fire
   (You found it on level 3 of the Vaults)
 p - an uncursed ring of positive energy
   (You found it on level 3 of the Dungeon)
 q - an uncursed ring of resist corrosion
   (You found it on level 1 of the Depths)
 z - a ring of see invisible (left hand)
   (You found it on level 6 of the Lair of Beasts)
 N - an amulet of regeneration (around neck)
   (You found it on level 14 of the Dungeon)
 V - the ring "Isadamue" (right hand) {rElec MP+9 Str+5 Int+2, =R}
   (You found it on level 1 of the Swamp)

   [ring of intelligence]

   It affects your strength (+5).
   It affects your intelligence (+2).
   It insulates you from electricity.
   It affects your magic capacity (+9).
Wands
 c - a wand of disintegration (18)
   (You found it on level 3 of the Swamp)
 s - a wand of polymorph (35)
   (You found it on level 4 of the Dungeon)
 t - a wand of flame (20)
   (You found it on level 3 of the Lair of Beasts)
 u - a wand of paralysis (24)
   (You found it on level 14 of the Dungeon)
 v - a wand of digging (6)
   (You found it on level 10 of the Dungeon)
 x - a wand of acid (4)
   (You found it on level 2 of the Spider Nest)
 B - a wand of scattershot (13)
   (You found it on level 6 of the Dungeon)
 J - a wand of enslavement (28)
   (You found it on level 3 of the Lair of Beasts)
Scrolls
 g - 15 scrolls of remove curse {@r2}
 m - 3 scrolls of silence
 w - 18 scrolls of identify {@r1}
 y - 8 scrolls of enchant armour
 E - 3 scrolls of blinking
 I - a scroll of immolation {!r}
 O - 2 scrolls of fear
 P - 16 scrolls of teleportation {@r4}
 Q - 6 scrolls of fog
 R - 6 scrolls of magic mapping
Potions
 d - 6 potions of might
 h - 5 potions of haste {@q3}
 k - 12 potions of curing {@q1}
 n - 9 potions of agility
 r - 6 potions of mutation {!q}
 A - 6 potions of lignification {!q}
 C - 4 potions of cancellation
 F - 2 potions of resistance
 G - a potion of ambrosia
 L - 3 potions of berserk rage
 S - a potion of invisibility
 U - a potion of magic
Miscellaneous
 D - a lamp of fire
   (You found it on level 3 of the Vaults)
Comestibles
 e - 64 rations {!d}
 j - 6 chunks of flesh


   Skills:
 + Level 20.7 Fighting
 - Level 18.0 Axes
 + Level 19.3 Armour
 - Level 4.5 Dodging
 + Level 19.4 Shields
 + Level 21.2 Invocations


You had 21 spell levels left.
You didn't know any spells.
Your spell library contained the following spells:

 Spells                   Type           Power        Failure   Level  Hunger
 Animate Skeleton         Necr           N/A          93%         1    ##.....
 Apportation              Tloc           #.....       93%         1    ##.....
 Beastly Appendage        Tmut           #.....       93%         1    ##.....
 Confusing Touch          Hex            #.....       93%         1    ##.....
 Corona                   Hex            #......      93%         1    ##.....
 Flame Tongue             Conj/Fire      #....        93%         1    ##.....
 Freeze                   Ice            #...         93%         1    ##.....
 Infusion                 Chrm           #...         93%         1    ##.....
 Magic Dart               Conj           #...         93%         1    ##.....
 Sandblast                Erth           #.....       93%         1    ##.....
 Summon Butterflies       Summ           #.......     93%         1    ##.....
 Summon Small Mammal      Summ           #...         93%         1    ##.....
 Blink                    Tloc           N/A          98%         2    ###....
 Call Imp                 Summ           #.......     98%         2    ###....
 Ensorcelled Hibernation  Hex/Ice        #.....       98%         2    ###....
 Passwall                 Tmut/Erth      #.......     98%         2    ###....
 Shroud of Golubria       Chrm/Tloc      #.....       98%         2    ###....
 Slow                     Hex            #.......     98%         2    ###....
 Song of Slaying          Chrm           #.......     98%         2    ###....
 Sticks to Snakes         Tmut           #.......     98%         2    ###....
 Sublimation of Blood     Necr           #.........   98%         2    ###....
 Throw Flame              Conj/Fire      #.....       98%         2    ###....
 Throw Frost              Conj/Ice       #.....       98%         2    ###....
 Call Canine Familiar     Summ           #.......     100%        3    ####...
 Confuse                  Hex            #.......     100%        3    ####...
 Conjure Flame            Conj/Fire      #.......     100%        3    ####...
 Dazzling Spray           Conj/Hex       #.....       100%        3    ####...
 Ignite Poison            Fire/Tmut/Pois #.......     100%        3    ####...
 Inner Flame              Hex/Fire       #.......     100%        3    ####...
 Mephitic Cloud           Conj/Pois/Air  #.......     100%        3    ####...
 Ozocubu's Armour         Chrm/Ice       #.......     100%        3    ####...
 Recall                   Summ/Tloc      N/A          100%        3    ####...
 Regeneration             Chrm/Necr      #.........   100%        3    ####...
 Spectral Weapon          Hex/Chrm       #.......     100%        3    ####...
 Static Discharge         Conj/Air       #.......     100%        3    ####...
 Stone Arrow              Conj/Erth      #.....       100%        3    ####...
 Tukima's Dance           Hex            #.......     100%        3    ####...
 Cause Fear               Hex            #.........   100%        4    #####..
 Fulminant Prism          Conj/Hex       #.........   100%        4    #####..
 Ice Form                 Ice/Tmut       #.......     100%        4    #####..
 Leda's Liquefaction      Hex/Erth       #.........   100%        4    #####..
 Petrify                  Tmut/Erth      #.......     100%        4    #####..
 Sticky Flame             Conj/Fire      #.......     100%        4    #####..
 Summon Ice Beast         Ice/Summ       #.......     100%        4    #####..
 Throw Icicle             Conj/Ice       #.......     100%        4    #####..
 Alistair's Intoxication  Tmut/Pois      #.......     100%        5    ######.
 Aura of Abjuration       Summ           #.........   100%        5    ######.
 Bolt of Magma            Conj/Fire/Erth #.........   100%        5    ######.
 Fireball                 Conj/Fire      #.........   100%        5    ######.
 Irradiate                Conj/Tmut      #.........   100%        5    ######.
 Lee's Rapid Deconstruct  Erth           #.........   100%        5    ######.
 Lightning Bolt           Conj/Air       #.........   100%        5    ######.
 Metabolic Englaciation   Hex/Ice        #.........   100%        5    ######.
 Silence                  Hex/Air        #.........   100%        5    ######.
 Summon Mana Viper        Hex/Summ       #.......     100%        5    ######.
 Yara's Violent Unravell  Hex/Tmut       #.........   100%        5    ######.
 Bolt of Cold             Conj/Ice       #.........   100%        6    #######
 Deflect Missiles         Chrm/Air       #.........   100%        6    #######
 Freezing Cloud           Conj/Ice/Air   #.........   100%        6    #######
 Hydra Form               Tmut           #.........   100%        6    #######
 Iron Shot                Conj/Erth      #.........   100%        6    #######
 Ozocubu's Refrigeration  Ice            #.........   100%        6    #######
 Poison Arrow             Conj/Pois      #.........   100%        6    #######
 Simulacrum               Ice/Necr       #.........   100%        6    #######
 Statue Form              Tmut/Erth      #........    100%        6    #######
 Summon Hydra             Summ           #.........   100%        7    #######
 Chain Lightning          Conj/Air       #.........   100%        8    #######
 Discord                  Hex            #.........   100%        8    #######
 Ignition                 Fire           #.........   100%        8    #######
 Lehudib's Crystal Spear  Conj/Erth      #.........   100%        8    #######
 Fire Storm               Conj/Fire      #.........   100%        9    #######
 Glaciate                 Conj/Ice       #.........   100%        9    #######
 Shatter                  Erth           #.........   100%        9    #######
 Tornado                  Air            #.........   100%        9    #######


Dungeon Overview and Level Annotations

Branches:
Dungeon (15/15)            Temple (0/1) D:6            Lair (6/6) D:10
  Swamp (4/4) Lair:4       Spider (4/4) Lair:2        Slime (0/5) Lair:6
    Orc (2/2) D:12            Elf (0/3) Orc:2        Vaults (4/5) D:14
  Crypt (0/3) Vaults:2     Depths (3/5) D:15        Ossuary (visited)

Altars:
Ashenzari
Dithmenos
Elyvilon
Fedhas
Kikubaaqudgha
Okawaru
Qazlal
Ru
Sif Muna
Trog
Uskayaw
Wu Jian
Xom
The Shining One
Beogh

Shops:
D:4 %}!!?   D:7 }   D:12 *!%*   Orc:2 %!?(%   Vaults:1 :}   Vaults:4 %
Depths:1 *(

Portals:
Hell: Depths:1 Depths:2
Ziggurat: Depths:2

Annotations:
D:8 2 transporters, Hybris's ghost, novice MfIE
D:10 3 runed translucent doors, Plog's ghost, journeyman KoAs
Swamp:2 3 runed translucent doors, Matygoc's ghost, adept HaSk
Spider:2 1 runed translucent door, Detar's ghost, adept HOFi


Message History

The stone giant looks as sick as possible!
You feel sick. You block the stone giant's attack.
You slash the stone giant! The stone giant hits you!
You cut the stone giant into ribbons!!!
You kill the stone giant!
Beogh accepts your kill.
Beogh blesses Beowulf with priesthood.
Beowulf looks more experienced.
Your orc priest looks more experienced.
You feel sick.
You slice the iron dragon like a ripe choko!!!
Beowulf looks satisfied for a moment.
The iron dragon breathes metal splinters at you.
The spray of metal splinters hits you!!!
* * * LOW HITPOINT WARNING * * *
You hear an angry buzzing noise.
You are too injured to fight recklessly!
You are too injured to fight recklessly!
You are too injured to fight recklessly!
You are too injured to fight recklessly!
You are too injured to fight recklessly!
You are too injured to fight recklessly!
You are too injured to fight recklessly!
You are too injured to fight recklessly!
You are too injured to fight recklessly!
Smite: an iron dragon (moderately wounded, catching its breath)
You smite the iron dragon!
You feel sick.
Smite: an iron dragon (severely wounded, catching its breath)
You smite the iron dragon!
You kill the iron dragon!
Beogh accepts your kill.
Beowulf looks more experienced.
Your orc priest looks more experienced.
The titan waves its arms in wide circles.
The air twists around and strikes you!!
* * * LOW HITPOINT WARNING * * *
Smite: a titan You smite the titan!
You feel sick.
The titan mumbles some strange words.
The titan is healed somewhat.
You block the frost giant's attack.
Beowulf casts a cantrip, but nothing happens.
Smite: a titan (moderately wounded)
You smite the titan!
The titan mumbles some strange words.
The titan is healed somewhat.
Beowulf looks braver for a moment.
The frost giant casts a spell at you. The bolt of cold hits you!!!
* * * LOW HITPOINT WARNING * * *
You feel better. The frost giant casts a spell at you.
The bolt of cold hits you!!!
You die...

.#.# #.# ##.#>#
#.# ##..#.# #.#
#..##.# #.#
##.#.#.#####.#.#
#..#.........#.#
#÷##.....###.#.#
#o#####..# #.#
#@o..##..# #.#
#..C###.....#
#.# #.....C
###...# #.#
..#...# ##...#
#.# #### #.††.#
#.# ##....# #.#
#...†.# #.#
#..#.#.#####.#
#.#..#....##.#


You could see a titan, a frost giant, a friendly orc priest and the friendly
Beowulf the orc priest.

Vanquished Creatures
  An ancient lich (Depths:1)
  Margery (Vaults:2)
  A caustic shrike (Depths:3)
  A golden dragon (Depths:2)
  A lich (Vaults:3)
  A tentacled monstrosity (Vaults:3)
  Jorgrun (Swamp:1)
  Frances (Swamp:1)
  A thorn hunter (Swamp:4)
  Kirke (Spider:1)
  Roxanne (D:15)
  Donald (Swamp:2)
  A tengu reaver (Depths:3)
  2 fire giants
  2 iron dragons (Depths:3)
  5 ghost moths
  2 deep elf sorcerers (Depths:1)
  2 emperor scorpions
  9 vault wardens
  5 very ugly things
  7 ironheart preservers
  2 entropy weavers (Spider:4)
  7 stone giants
  A vampire knight (Depths:2)
  A deep elf demonologist (Vaults:1)
  3 spark wasps (Depths:3)
  A crystal guardian (Vaults:2)
  A green death (Abyss:2)
  3 fire dragons
  4 ettins
  A small abomination (Vaults:4)
  A deep elf death mage (Vaults:4)
  3 jiangshi
  4 yaktaur captains
  A rakshasa (Depths:3)
  An ice dragon (Vaults:4)
  6 great orbs of eyes
  9 vault guards
  A spriggan air mage (Depths:1)
  22 hydras
  2 shambling mangroves
  A satyr (shapeshifter) (Depths:2)
  Erica (D:10)
  11 centaur warriors
  7 alligators
  8 ogre magi
  A death knight (Vaults:1)
  24 two-headed ogres
  A tengu warrior (Depths:3)
  3 deep troll shamans
  3 deep troll earth magi
  A spriggan berserker (Depths:2)
  4 vampire magi
  A deep elf knight (Vaults:4)
  2 iron trolls
  2 glowing orange brains
  4 hell knights (Vaults:2)
  2 fire crabs
  2 shadow wraiths
  11 deep trolls
  6 unseen horrors
  7 wizards
  A spriggan druid (Swamp:3)
  13 swamp dragons
  A flayed ghost (Depths:1)
  A deep elf archer (Vaults:3)
  2 harpies (Vaults:1)
  10 ironbrand convokers
  An orc sorcerer (D:14)
  11 orb spiders
  14 orc knights
  3 necromancers
  21 wolf spiders
  A deep elf mage (Depths:1)
  26 ugly things
  2 oklob plants (Lair:4)
  A cyclops (shapeshifter) (Depths:2)
  5 cyclopes
  A manticore (D:15)
  11 elephants
  2 moths of wrath (Spider:4)
  5 vault sentinels
  2 black mambas (Lair:6)
  3 gargoyles
  15 spiny frogs
  2 torpor snails
  3 demonic crawlers
  28 yaktaurs
  A kobold demonologist (D:9)
  6 rime drakes
  4 komodo dragons
  2 freezing wraiths
  A spriggan skeleton (Depths:1)
  A tengu conjurer (Depths:1)
  A wind drake (shapeshifter) (Vaults:3)
  2 meliai (Spider:2)
  7 trolls
  19 jumping spiders
  14 hornets
  7 polar bears
  A raiju (shapeshifter) (Vaults:1)
  Prince Ribbit (D:7)
  7 tyrant leeches
  17 bog bodies
  A hornet (shapeshifter) (Vaults:2)
  16 slime creatures
  15 blink frogs
  9 dream sheep (Lair:6)
  Grinder (D:4)
  A blink frog (shapeshifter) (Vaults:2)
  9 hippogriffs
  A ynoxinul (Abyss:2)
  A redback (shapeshifter) (Vaults:1)
  5 spriggans
  2 vampires (Vaults:2)
  6 wyverns
  28 redbacks
  2 water elementals (Depths:1)
  4 shadows
  41 yaks
  A wraith (D:11)
  20 tarantellas
  3 basilisks
  16 vampire mosquitoes
  2 steam dragons (Lair:6)
  A chaos spawn (Abyss:2)
  Menkaure (D:4)
  7 wargs
  16 insubstantial wisps
  17 swamp worms
  2 acid dragons
  Duvessa (D:4)
  A floating eye (Depths:2)
  10 water moccasins
  4 porcupines
  11 hell hounds
  16 swamp drakes
  2 eyes of draining
  2 sky beasts
  3 necrophages
  12 orc warriors
  An ice beast (D:7)
  9 black bears
  2 phantoms
  2 boggarts (Depths:1)
  18 centaurs
  31 ogres
  45 wolves
  11 crocodiles
  Blork the orc (D:6)
  9 bullfrogs
  A deep troll simulacrum (Vaults:2)
  A wyvern zombie (D:12)
  A water moccasin zombie (Ossuary)
  Dowan (D:4)
  5 scorpions
  A water moccasin skeleton (D:5)
  7 killer bees
  5 howler monkeys
  6 electric eels
  5 crimson imps
  3 centaur zombies
  4 hounds
  3 quasits
  2 bullfrog zombies
  3 centaur skeletons
  Crazy Yiuf (D:3)
  7 orc priests
  3 bullfrog skeletons
  5 jellies
  An iron imp (Depths:1)
  Terence (D:3)
  11 worker ants
  4 iguanas
  15 orc wizards
  3 yak simulacra (Lair:4)
  A polar bear simulacrum (Lair:4)
  3 wolf simulacra (Lair:4)
  A big kobold zombie (Ossuary)
  A bullfrog simulacrum (D:13)
  2 hound skeletons
  2 mummies (Ossuary)
  6 gnolls
  17 adders
  A shadow imp (D:9)
  7 adder zombies
  2 worms
  2 dart slugs
  2 leopard geckos
  75 orcs
  11 bats
  5 giant cockroaches
  8 goblins
  6 hobgoblins
  3 jackals (D:3)
  5 kobolds
  2 quokkas
  2 ball pythons
  8 frilled lizards
  3 gnoll zombies (Ossuary)
  3 hobgoblin zombies (Ossuary)
  5 kobold zombies (Ossuary)
  2 leopard gecko skeletons (D:4)
  4 orc zombies (Ossuary)
  A quokka skeleton (D:4)
  9 rats
  4 river rat simulacra (Lair:4)
  4 briar patches (Swamp:4)
  2 bushes (D:12)
  A fungus (Lair:4)
  4 plants
1231 creatures vanquished.

Vanquished Creatures (collateral kills)
  Bai Suzhen (Spider:3)
  Saint Roka (Vaults:2)
  Arachne (Spider:4)
  Asterion (Spider:3)
  Rupert (Spider:1)
  A lich (Depths:1)
  A sphinx (Depths:2)
  A thorn hunter (Swamp:4)
  A fire giant (Depths:1)
  A frost giant (D:13)
  An orc warlord (Orc:2)
  A ghost moth (Spider:4)
  2 vault wardens (Vaults:4)
  5 emperor scorpions
  A spriggan defender (Depths:2)
  5 ironheart preservers
  A stone giant (Depths:2)
  5 very ugly things (Depths:2)
  A dire elephant (D:15)
  2 spark wasps (Spider:4)
  4 ettins
  A small abomination (Vaults:4)
  2 ice dragons
  2 jiangshi (Depths:2)
  3 hydras
  6 great orbs of eyes
  4 yaktaur captains
  A spriggan air mage (Depths:2)
  3 rakshasas
  A vault guard (Vaults:4)
  13 ogre magi
  A shambling mangrove (Swamp:4)
  2 centaur warriors
  15 two-headed ogres
  4 alligators
  A tengu warrior (Depths:1)
  4 deep troll shamans
  A vampire mage (Vaults:2)
  2 deep troll earth magi (Depths:1)
  2 deep elf knights
  A shock serpent (shapeshifter) (Vaults:3)
  2 iron trolls
  A skeletal warrior (Vaults:1)
  A hell knight (Vaults:2)
  2 flayed ghosts
  19 deep trolls
  A spriggan druid (Swamp:4)
  3 deep elf archers
  An obsidian statue (Vaults:2)
  A wizard (Depths:1)
  5 orc knights
  2 ironbrand convokers
  A harpy (Vaults:1)
  8 orb spiders
  A necromancer (Depths:1)
  21 ugly things
  16 wolf spiders
  3 deep elf magi
  A wolf spider zombie (D:13)
  3 moths of wrath
  An orc sorcerer (Vaults:4)
  A cyclops (D:14)
  8 slime creatures
  A salamander (D:15)
  2 manticores
  7 vault sentinels
  2 centaur zombies
  2 torpor snails
  An eye of devastation (Depths:2)
  7 spiny frogs
  A gargoyle (D:15)
  A centaur skeleton (D:14)
  9 orc wizards
  A yaktaur (shapeshifter) (Vaults:4)
  13 yaktaurs
  An ice devil (Depths:2)
  2 freezing wraiths
  8 demonic crawlers
  A troll (Orc:2)
  23 jumping spiders
  A meliai (Spider:2)
  4 polar bears (Lair:6)
  6 hornets
  A raiju (Lair:6)
  3 dream sheep (Lair:6)
  6 blink frogs
  A bog body (Swamp:4)
  2 vampires
  14 redbacks
  A spriggan (Swamp:2)
  A spriggan skeleton (Depths:1)
  20 tarantellas
  2 yaks
  A basilisk (Lair:3)
  2 hogs (Spider:1)
  7 vampire mosquitoes
  2 soldier ants (D:13)
  2 swamp worms
  5 wargs
  6 insubstantial wisps
  4 acid dragons
  A floating eye (Depths:2)
  5 hell hounds (Lair:6)
  A water moccasin (Lair:6)
  A porcupine (Lair:3)
  A black bear (shapeshifter) (Depths:1)
  4 swamp drakes
  11 orc warriors
  3 black bears (Lair:6)
  10 ogres
  A fire dragon simulacrum (Depths:1)
  11 wolves
  A necrophage (D:12)
  2 boggarts (Depths:1)
  4 centaurs
  4 crocodiles
  3 bullfrogs (D:13)
  2 scorpions
  4 killer bees
  An electric eel (Lair:3)
  A quasit (D:10)
  3 bullfrog zombies
  A hound (D:12)
  5 orc priests
  4 worker ants
  27 orcs
  2 bushes (D:12)
  4 plants
499 creatures vanquished.

Vanquished Creatures (others)
  3 orc warlords
  16 orc knights
  An ogre mage (Vaults:2)
  An orc sorcerer (Orc:2)
  23 orc warriors
  2 humans
  16 orc priests
  16 orc wizards
  A leopard gecko (D:7)
  52 orcs
  14 fungi
  12 plants
157 creatures vanquished.

Grand Total: 1887 creatures vanquished

Notes
Turn   | Place    | Note
-------+----------+-------------------------------------------
     0 | D:1      | DavidChitty2 the Hill Orc Fighter began the quest for the
                  | Orb.
     0 | D:1      | Reached XP level 1. HP: 19/19 MP: 1/1
   290 | D:1      | Reached XP level 2. HP: 27/27 MP: 2/2
   585 | D:2      | Reached XP level 3. HP: 30/33 MP: 3/3
   899 | D:2      | Reached XP level 4. HP: 35/40 MP: 4/4
   925 | D:2      | Noticed a black bear
   935 | D:2      | Killed a black bear
   935 | D:2      | Reached XP level 5. HP: 42/47 MP: 5/5
  1004 | D:2      | Found a hide-covered altar of Uskayaw.
  1055 | D:2      | Reached skill level 5 in Axes
  1492 | D:3      | Noticed Terence
  1508 | D:3      | Killed Terence
  1561 | D:3      | Found a white marble altar of Elyvilon.
  1809 | D:3      | Reached XP level 6. HP: 53/53 MP: 6/6
  1992 | D:3      | Found a runed translucent door.
  1993 | D:3      | Noticed Crazy Yiuf
  2231 | D:3      | Killed Crazy Yiuf
  2378 | D:4      | Found Sethey's Food Shoppe.
  2405 | D:4      | Noticed Grinder
  2425 | D:4      | Killed Grinder
  2425 | D:4      | Reached skill level 5 in Fighting
  2425 | D:4      | Reached XP level 7. HP: 52/61 MP: 7/7
  2493 | D:4      | Found Durid's Distillery.
  2501 | D:4      | Bought a potion of heal wounds for 55 gold pieces
  2603 | D:4      | Noticed Menkaure
  2624 | D:4      | Killed Menkaure
  2624 | D:4      | Reached skill level 5 in Armour
  2781 | D:4      | Found Moel's Distillery.
  2794 | D:4      | Found Jaustrusa's Magic Scroll Emporium.
  2804 | D:4      | Noticed Dowan
  2805 | D:4      | Noticed Duvessa
  2823 | D:4      | Killed Dowan
  2823 | D:4      | Reached skill level 5 in Shields
  2876 | D:4      | Killed Duvessa
  3138 | D:4      | Found an ancient bone altar of Kikubaaqudgha.
  3280 | D:4      | Reached XP level 8. HP: 70/70 MP: 8/8
  3309 | D:4      | Found Fuoguck's Gadget Shop.
  3438 | D:5      | Entered Level 5 of the Dungeon
  4554 | D:6      | Found a staircase to the Ecumenical Temple.
  4560 | D:6      | Noticed Blork the orc
  4575 | D:6      | Killed Blork the orc
  4651 | D:6      | Found a stormy altar of Qazlal.
  4677 | D:6      | Reached XP level 9. HP: 60/78 MP: 9/9
  4811 | D:6      | Found a sand-covered staircase.
  4822 | Ossuary  | Entered an ossuary
  4907 | Ossuary  | Reached skill level 10 in Axes
  5212 | D:6      | Found a bloodstained altar of Trog.
  5212 | D:6      | Found an iron altar of Okawaru.
  5440 | D:7      | Became a worshipper of Beogh the Brigand
  5499 | D:7      | Noticed Prince Ribbit
  5544 | D:7      | Killed Prince Ribbit
  5544 | D:7      | Reached skill level 1 in Invocations
  5670 | D:7      | Found Bibyot's Gadget Boutique.
  5741 | D:7      | Found an ornate altar of the Wu Jian Council.
  5766 | D:7      | Reached skill level 2 in Invocations
  5776 | D:7      | Found a sacrificial altar of Ru.
  5921 | D:8      | Found a transporter.
  5925 | D:8      | Noticed Hybris's ghost (novice MfIE)
  5945 | D:8      | Found a transporter.
  5984 | D:8      | Reached XP level 10. HP: 78/88 MP: 11/11
  5992 | D:8      | Found a shattered altar of Ashenzari.
  6079 | D:8      | Reached * piety under Beogh
  6106 | D:8      | Reached skill level 3 in Invocations
  6242 | D:8      | Noticed a two-headed ogre
  6255 | D:8      | Killed a two-headed ogre
  6466 | D:8      | Reached skill level 4 in Invocations
  6518 | D:8      | Reached ** piety under Beogh
  7101 | D:9      | Found a glowing golden altar of the Shining One.
  7144 | D:9      | Noticed a kobold demonologist
  7149 | D:9      | Killed a kobold demonologist
  7297 | D:9      | Found an ancient bone altar of Kikubaaqudgha.
  7451 | D:9      | Found a shadowy altar of Dithmenos.
  7528 | D:9      | Reached skill level 5 in Invocations
  7683 | D:9      | Found a shimmering blue altar of Sif Muna.
  7683 | D:9      | Found a blossoming altar of Fedhas.
  7782 | D:9      | Reached XP level 11. HP: 97/97 MP: 14/14
  8015 | D:10     | Entered Level 10 of the Dungeon
  8029 | D:10     | Noticed a two-headed ogre
  8037 | D:10     | Killed a two-headed ogre
  8111 | D:10     | Reached *** piety under Beogh
  8143 | D:10     | Noticed a centaur warrior
  8160 | D:10     | Killed a centaur warrior
  8160 | D:10     | Reached skill level 6 in Invocations
  8370 | D:10     | Noticed a two-headed ogre
  8382 | D:10     | Killed a two-headed ogre
  8670 | D:10     | Found a runed translucent gate.
  8670 | D:10     | Found a runed translucent gate.
  8670 | D:10     | Found a runed translucent gate.
  8671 | D:10     | Noticed Plog's ghost (journeyman KoAs)
  8752 | D:10     | Noticed Erica
  8762 | D:10     | Killed Erica
  9103 | D:10     | Found a staircase to the Lair.
  9402 | Lair:1   | Entered Level 1 of the Lair of Beasts
  9662 | Lair:1   | Noticed a five-headed hydra
  9667 | Lair:1   | Killed a five-headed hydra
  9667 | Lair:1   | Reached skill level 10 in Fighting
  9667 | Lair:1   | Reached skill level 7 in Invocations
 10197 | Lair:2   | Reached XP level 12. HP: 74/106 MP: 17/17
 10821 | Lair:2   | Found a hole to the Spider Nest.
 11488 | Lair:3   | Reached skill level 8 in Invocations
 11491 | Lair:3   | Reached skill level 15 in Axes
 11524 | Lair:3   | Reached skill level 10 in Shields
 11529 | Lair:3   | Reached skill level 10 in Armour
 11529 | Lair:3   | Gained Bolgrim as an ally
 11531 | Lair:3   | Reached **** piety under Beogh
 11807 | Lair:3   | Got a scorched long sword
 12465 | Lair:4   | Found a staircase to the Swamp.
 12592 | Lair:4   | Reached skill level 9 in Invocations
 12927 | Lair:4   | Reached XP level 13. HP: 105/116 MP: 19/19
 13040 | Lair:4   | Reached ***** piety under Beogh
 15181 | Lair:5   | Reached skill level 10 in Invocations
 15449 | Lair:5   | Found a sacrificial altar of Ru.
 16620 | Lair:6   | Entered Level 6 of the Lair of Beasts
 16805 | Lair:6   | Identified the cursed +2 long sword "Beetlebane" {vamp,
                  | rN+} (You found it on level 3 of the Lair of Beasts)
 16865 | Lair:6   | Reached XP level 14. HP: 78/126 MP: 17/22
 16887 | Lair:6   | Gained Hilgar as an ally
 17146 | Lair:6   | Gained Oreg as an ally
 17146 | Lair:6   | Reached skill level 11 in Invocations
 17528 | Lair:6   | Your ally Hilgar died
 18274 | Lair:6   | Found a staircase to the Slime Pits.
 18556 | Lair:6   | Gained Gorm as an ally
 18880 | Lair:6   | Got a crystal flail
 18926 | Lair:6   | Your ally Bolgrim died
 19386 | D:11     | Identified the +9 flail "Bewnu" {speed, rC+ Str+2 Int+4}
                  | (You found it on level 6 of the Lair of Beasts)
 20293 | D:12     | Found Ilayngyaps's Food Emporium.
 20442 | D:12     | Found Xoerifar's Assorted Antiques.
 20482 | D:12     | Found a blossoming altar of Fedhas.
 20570 | D:12     | Reached skill level 12 in Invocations
 20574 | D:12     | Found Tetenej's Distillery.
 20622 | D:12     | Found a staircase to the Orcish Mines.
 20951 | D:12     | Found Cobeloes's Assorted Antiques.
 20959 | D:12     | Bought a scroll of blinking for 210 gold pieces
 21148 | D:13     | Reached ****** piety under Beogh
 21158 | D:13     | Gained Arbolt as an ally
 21163 | D:13     | Your ally Oreg died
 21178 | D:13     | Gained Bogdar as an ally
 21364 | D:13     | Your ally Arbolt died
 21536 | D:13     | Noticed a frost giant
 21546 | D:13     | Killed a frost giant
 21546 | D:13     | Reached XP level 15. HP: 82/136 MP: 24/24
 21947 | D:13     | Got a pair of ichor-stained boots
 21958 | D:13     | Identified the +2 pair of boots "Inuhoa" {+Blink +Fly
                  | Int+4} (You found it on level 13 of the Dungeon)
 22066 | D:14     | Gained Warrok as an ally
 22141 | D:14     | Got a shimmering short sword
 22390 | D:14     | Got a slimy rapier
 22396 | D:14     | Found a shimmering altar of Xom.
 22561 | D:14     | Reached skill level 13 in Invocations
 22843 | D:14     | Found a gate to the Vaults.
 22911 | D:14     | Found a stormy altar of Qazlal.
 22976 | D:15     | Entered Level 15 of the Dungeon
 23110 | D:15     | Noticed Roxanne
 23118 | D:15     | Killed Roxanne
 23502 | D:15     | Found a staircase to the Depths.
 23831 | Orc:1    | Entered Level 1 of the Orcish Mines
 23837 | Orc:1    | Gained Hawl as an ally
 24210 | Orc:2    | Entered Level 2 of the Orcish Mines
 24212 | Orc:2    | Found a staircase to the Elven Halls.
 24232 | Orc:2    | Found a roughly hewn altar of Beogh.
 24494 | Orc:2    | Gained Rocco as an ally
 24517 | Orc:2    | Your ally Hawl died
 24517 | Orc:2    | Your ally Rocco died
 24580 | Orc:2    | Found Xargh's Weapon Boutique.
 24580 | Orc:2    | Found Fazoubibb's Food Emporium.
 24661 | Orc:2    | Found a roughly hewn altar of Beogh.
 24710 | Orc:2    | Noticed an orc warlord
 24724 | Orc:2    | Killed an orc warlord
 24772 | Orc:2    | Found Fetat's Magic Scroll Boutique.
 25037 | Orc:2    | Found Geozuac's Food Boutique.
 25037 | Orc:2    | Found Gusar's Distillery.
 25051 | Orc:2    | Bought a potion of experience for 550 gold pieces
 25107 | Orc:2    | Reached XP level 16. HP: 147/147 MP: 26/26
 25749 | Swamp:1  | Entered Level 1 of the Swamp
 25941 | Swamp:1  | Your ally Warrok died
 25995 | Swamp:1  | Noticed Frances
 26001 | Swamp:1  | Killed Frances
 26001 | Swamp:1  | Reached skill level 14 in Invocations
 26125 | Swamp:1  | Noticed Jorgrun
 26130 | Swamp:1  | Killed Jorgrun
 26130 | Swamp:1  | Reached XP level 17. HP: 130/154 MP: 14/27
 26312 | Swamp:1  | Got a vibrating amber ring
 26313 | Swamp:1  | Identified the ring "Isadamue" {rElec MP+9 Str+5 Int+2}
                  | (You found it on level 1 of the Swamp)
 26827 | Swamp:2  | Found a runed translucent gate.
 26828 | Swamp:2  | Found a runed translucent gate.
 26828 | Swamp:2  | Found a runed translucent gate.
 26836 | Swamp:2  | Noticed Matygoc's ghost (adept HaSk)
 27017 | Swamp:2  | Reached skill level 15 in Fighting
 27361 | Swamp:2  | Identified the cursed +0 shield of Fys Kito {rCorr Int-4
                  | Slay+4 SInv}
 27361 | Swamp:2  | Noticed Donald
 27365 | Swamp:2  | Killed Donald
 27943 | Swamp:3  | Your ally Bogdar died
 28000 | Swamp:3  | Gained Borgoth as an ally
 28616 | Swamp:4  | Entered Level 4 of the Swamp
 28627 | Swamp:4  | Reached skill level 15 in Invocations
 28692 | Swamp:4  | Your ally Borgoth died
 28714 | Swamp:4  | Gained Olfrun as an ally
 28756 | Swamp:4  | Your ally Olfrun died
 29989 | Swamp:4  | Identified a scroll of acquirement
 30048 | Swamp:4  | Got a decaying rune of Zot
 30151 | Swamp:4  | Paralysed by a hornet for 3 turns
 30157 | Swamp:4  | Reached skill level 15 in Shields
 30824 | Spider:1 | Entered Level 1 of the Spider Nest
 30891 | Spider:1 | Reached XP level 18. HP: 166/166 MP: 29/29
 30916 | Spider:1 | Noticed Kirke
 30921 | Spider:1 | Killed Kirke
 31034 | Spider:1 | Reached skill level 15 in Armour
 31038 | Spider:1 | Gained Harm as an ally
 31255 | Spider:1 | Reached skill level 16 in Invocations
 31413 | Spider:1 | Gained Gorg as an ally
 31874 | Spider:1 | Noticed Rupert
 31885 | Spider:1 | Killed Rupert
 32305 | Spider:2 | Found a runed translucent door.
 32310 | Spider:2 | Noticed Detar's ghost (adept HOFi)
 32946 | Spider:3 | Noticed Asterion
 32946 | Spider:3 | Noticed Bai Suzhen
 32951 | Spider:3 | Killed Asterion
 33014 | Spider:3 | Killed Bai Suzhen
 33347 | Spider:3 | Found a roughly hewn altar of Beogh.
 33713 | Spider:4 | Entered Level 4 of the Spider Nest
 33966 | Spider:4 | Gained Horkud as an ally
 33979 | Spider:4 | Noticed Arachne
 33986 | Spider:4 | Killed Arachne
 33995 | Spider:4 | Your ally Gorg died
 34053 | Spider:4 | Reached skill level 17 in Invocations
 34105 | Spider:4 | Got a gossamer rune of Zot
 34193 | Spider:4 | Gained Geork as an ally
 34209 | Spider:4 | Reached XP level 19. HP: 103/177 MP: 1/31
 34231 | Spider:4 | Gained Urtork as an ally
 34264 | Spider:4 | Your ally Geork died
 34277 | Spider:4 | Your ally Horkud died
 34631 | Spider:4 | Gained Worak as an ally
 35180 | Vaults:1 | Entered Level 1 of the Vaults
 35608 | Vaults:1 | Gained Oreg as an ally
 35612 | Vaults:1 | Found Xaziotor's Book Shoppe.
 35682 | Vaults:1 | Found Haseq's Gadget Shop.
 36107 | Vaults:1 | Reached skill level 18 in Invocations
 36997 | Vaults:2 | Noticed Margery
 37002 | Vaults:2 | Killed Margery
 37146 | Vaults:2 | Reached XP level 20. HP: 157/188 MP: 33/33
 37673 | Vaults:2 | Noticed Saint Roka
 37692 | Vaults:2 | Killed Saint Roka
 37963 | Vaults:2 | Identified the Papyrus of Battle Magic and the Oath
 38442 | Vaults:2 | Found a staircase to the Crypt.
 38493 | Vaults:3 | Paralysed by a hornet for 3 turns
 39016 | Vaults:3 | Reached skill level 19 in Invocations
 39032 | Vaults:3 | Noticed a lich
 39033 | Vaults:3 | Paralysed by a lich for 3 turns
 39039 | Vaults:3 | Killed a lich
 40329 | Vaults:4 | Reached XP level 21. HP: 177/198 MP: 34/34
 40863 | Vaults:4 | Gained Garbold as an ally
 41207 | Vaults:4 | Found Rongaohi's Food Emporium.
 41453 | Depths:1 | Entered Level 1 of the Depths
 41453 | Depths:1 | Found Siudgh's Antique Weapon Boutique.
 41588 | Depths:1 | Reached skill level 20 in Invocations
 41588 | Depths:1 | Your ally Gorm died
 41594 | Depths:1 | Gained Bogfrid as an ally
 41802 | Depths:1 | Cast into level 2 of the Abyss (a wizard)
 41950 | Abyss:2  | Identified the cursed +0 large shield "Mosam" {+Blink}
 42016 | Depths:1 | Escaped the Abyss
 42053 | Depths:1 | Identified the Compendium of Creative Ignition
 42064 | Depths:1 | Found a shimmering blue altar of Sif Muna.
 42123 | Depths:1 | Identified the Compendium of the Shifting Rocks
 42145 | Depths:1 | Identified the Reference Book on Execration and Snow
 42168 | Depths:1 | Noticed an ancient lich
 42175 | Depths:1 | Killed an ancient lich
 42377 | Depths:1 | Identified the Tome of the Last Seas
 42537 | Depths:1 | Your ally Oreg died
 42539 | Depths:1 | Your ally Worak died
 42543 | Depths:1 | Your ally Harm died
 42808 | Depths:1 | Found a gateway to Hell.
 43035 | Depths:1 | Found Evyk's Mayhem Merchandise.
 43108 | Depths:1 | Found a runed translucent door.
 43137 | Depths:1 | Got a pair of scorched gloves
 43138 | Depths:1 | Identified the +0 pair of gloves of the Failed Coup {rN+}
                  | (You found it on level 1 of the Depths)
 43323 | Depths:2 | Reached XP level 22. HP: 88/209 MP: 36/36
 43612 | Depths:2 | Noticed a golden dragon
 43622 | Depths:2 | Killed a golden dragon
 43642 | Depths:2 | Your ally Bogfrid died
 43947 | Depths:2 | Got a bone spear
 44044 | Depths:2 | Found a gateway to a ziggurat.
 44046 | Depths:2 | Paralysed by a floating eye for 2 turns
 44050 | Depths:2 | Paralysed by a floating eye for 4 turns
 44082 | Depths:2 | Reached skill level 21 in Invocations
 44706 | Depths:3 | Noticed a caustic shrike
 44726 | Depths:3 | Killed a caustic shrike
 44742 | Depths:3 | Gained Beowulf as an ally
 44748 | Depths:3 | Killed from afar by a frost giant

Levels and vault maps discovered:
D:1:      dpeg_arrival_rhombus, layout_rooms
D:2:      layout_rooms, nicolae_overflow_hidden_temple, st_stairs_5,
          grunt_ministairs_4, minmay_misc_feat_ornament
D:3:      layout_loops_cross, elyvilon_altar_4, first_ration,
          minmay_increasing_density, uniq_terence, uniq_crazy_yiuf_cottage
D:4:      layout_basic, kiku_gazebo_garden_becter, serial_shops,
          nicolae_shop_window_shopping, nicolae_shop_trees, shop,
          nicolae_shop_statue_plus, shop, uniq_menkaure, uniq_duvessa,
          uniq_grinder
D:5:      layout_basic
D:6:      layout_cave_pools, grunt_temple_overflow_bloody_war,
          old_standard_altar, minmay_temple_entry_tees,
          chequers_ossuary_entry_cave, uniq_blork_the_orc
D:7:      layout_rooms, lemuel_coloured_pillars_altar, lemuel_round_altar,
          serial_shops, shop, uniq_prince_ribbit1
D:8:      layout_loops_ring, cheibrodos_ashenzari_chains,
          gammafunk_ghost_stat_death, special_room [special_room_orc]
D:9:      layout_irregular_city, lemuel_doored_altar,
          nicolae_overflow_crystal_walls, gammafunk_temple_overflow_wave,
          grunt_pizzeria, chequers_serial_rivers_small_3, minivault_20,
          tgw_kikubaaqudgha
D:10:     layout_irregular_city, lair_entry_dummy, ebering_ghost_rock_garden,
          hex_tiny, chequers_serial_rivers_large_a, uniq_erica
D:11:     layout_stronghold
D:12:     layout_roguey, erik_orc_2, serial_shops, shop, kennysheep_little_box,
          shop_statue, shop, fedhas_altar_decomposition
D:13:     layout_basic, minmay_checkered_concentric_circles
D:14:     layout_roguey, grunt_vaults_entry_fortified, lemuel_round_altar,
          grunt_ministairs_6, nicolae_qazlal_style_of_elements
D:15:     hangedman_depths_entry_try_elsewhere_first, layout_basic,
          serial_park_tiny_pond, uniq_roxanne
Lair:1:   layout_cave_pods, serial_bayou_ford_a
Lair:2:   layout_long_grid, spider_nest_entry_a, grunt_megastairs_2
Lair:3:   layout_long_grid, serial_bayou, serial_bayou_lagoon_b,
          serial_bayou_pond_d, serial_bayou_pond_b, serial_bayou_shore_a,
          gauntlet_entry_generic, grunt_forest_large_clearings,
          infiniplex_staircase_pool
Lair:4:   layout_cave_shapes, swamp_mist_pool, enter_volcano_3,
          eino_house_with_fridge, minmay_lair_oklob_chamber, grunt_megastairs_3
Lair:5:   layout_cave_pods, lemuel_centaur_altar
Lair:6:   hangedman_lair_caniforms_friends, layout_cave_pods,
          guppyfry_lair_end_dragon, dpeg_slime_entry_corner
Swamp:1:  layout_falls_marsh, evilmike_swamp_ruin_house_1, uniq_frances,
          uniq_jorgrun
Swamp:2:  layout_falls_marsh, gammafunk_ghost_necromancy,
          nicolae_swamp_trees_clearing, infiniplex_staircase_pool_2, uniq_donald
Swamp:3:  layout_falls_marsh, evilmike_swamp_ruin_house_5, swamp_pool5
Swamp:4:  grunt_swamp_rune_castle, layout_basic_swamp
Spider:1: nicolae_spider_corner, uniq_kirke, uniq_rupert
Spider:2: layout_spider_delve, ebering_ghost_inner_flame,
          nicolae_spider_cling_ruins
Spider:3: nicolae_spider_mines_2, nicolae_spider_nook, uniq_asterion,
          uniq_bai_suzhen
Spider:4: johnstein_spider_rune_arachne_lair, nicolae_arachne_temple
Orc:1:    layout_diamond_mine
Orc:2:    st_orc_town, layout_caves, serial_shops, shop, nicolae_orc_rockfall,
          mines2_david
Vaults:1: vaults_mumra_chevron, nicolae_vaults_border_crossing, v_misc_29,
          vaults_room_grunt_arrival_ludios, v_misc_31, nicolae_vaults_rhombus_6,
          layout_vaults_quadrants, serial_shops, shop, shop
Vaults:2: ontoclasm_vaults_fault, nicolae_vaults_theta,
          nicolae_vaults_network_barrier, nicolae_vaults_statue_guard,
          ontoclasm_vaults_idyll, nicolae_vaults_network_square,
          ontoclasm_vaults_claustrophobia, vaults_mumra_lcd,
          minmay_crypt_entry_vampire_xt, hangedman_vaults_capsules, v_misc_10,
          grunt_vaults_twisty, ontoclasm_vaults_eye, layout_vaults_omnibox,
          uniq_margery, uniq_saint_roka
Vaults:3: ontoclasm_vaults_tryst, nicolae_vaults_specimen_jars,
          vaults_mumra_hexcomb, v_pattern_5, nicolae_vaults_ninety_degrees,
          nicolae_vaults_little_squares_2, vaults_room_hangedman_quadrants,
          grunt_vaults_diagonal, vaults_dpeg_cross, ontoclasm_vaults_gateway,
          ontoclasm_vaults_decontamination, layout_vaults_chaotic_city
Vaults:4: v_misc_22, v_misc_19, nicolae_vaults_sealed_display,
          vaults_room_boxed, v_misc_25, nicolae_vaults_display_case,
          hangedman_vaults_stitches, v_misc_24, ontoclasm_vaults_spin,
          v_alt_pattern_1, nicolae_vaults_diagonal_hallway_7,
          nicolae_vaults_theta, vaults_room_corners, layout_vaults_ring,
          serial_shops, shop
Depths:1: evilmike_library_of_no_secrets, layout_gridlike, serial_shops, shop,
          nicolae_lava_and_water, grunt_hell_entry_dis_mu,
          kennysheep_nondescript, minmay_shop_mayhem, grunt_decor_one_mirror,
          chequers_serial_rivers_small_b, serial_sigils_hangedman_confine,
          minmay_strange_pillars, kennysheep_treasure_room
Depths:2: minmay_containers, layout_small_grid, enter_ziggurat_d,
          hangedman_coc_ice_floe
Depths:3: minmay_four_inscribed_fans, layout_basic, lemuel_crystal_altar,
          hell_entry, pan_entry

Skill      XL: |  1  2  3  4  5  6  7  8  9 10 11 12 13 14 15 16 17 18 19 20 21 22 |
---------------+-------------------------------------------------------------------+-----
Axes           | 3 4 5 6 7 9 11 12 14 15 17 18 | 18.0
Fighting       | 4 5 6 8 9 10 11 12 13 14 16 17 18 19 20 | 20.7
Armour         | 4 5 6 7 8 9 10 11 12 13 14 16 17 18 19 | 19.3
Shields        | 4 5 6 7 8 9 10 11 12 13 15 16 17 18 19 | 19.4
Invocations    | 2 5 7 9 10 12 13 14 15 17 18 19 20 21 | 21.2
Dodging        | 4 |  4.5

Action                   |  1- 3 |  4- 6 |  7- 9 | 10-12 | 13-15 | 16-18 | 19-21 | 22-24 || total
-------------------------+-------+-------+-------+-------+-------+-------+-------+-------++-------
Melee: War axe           |   105 |   176 |   364 |   604 |  1011 |   548 |       |       ||  2808
       Whip              |       |       |       |       |    35 |       |       |       ||    35
       Flail             |       |       |       |       |    11 |    81 |       |       ||    92
       Broad axe         |       |       |       |       |       |   411 |  1126 |   229 ||  1766
Invok: Convert to Beogh  |       |       |     1 |       |       |       |       |       ||     1
       Smiting           |       |       |       |     4 |    34 |    46 |    18 |    10 ||   112
       Recall Orcish Fol |       |       |       |       |     2 |     8 |    11 |     2 ||    23
       Stop Recall       |       |       |       |       |       |     3 |     5 |     1 ||     9
Evoke: Wand              |       |       |       |       |    13 |     1 |     1 |     1 ||    16
  Use: Scroll            |       |     6 |     7 |     7 |     9 |    11 |     8 |       ||    48
       Potion            |       |       |     2 |     3 |     2 |     3 |     5 |     1 ||    16
 Stab: Distracted        |       |       |       |     2 |     4 |     3 |    12 |     2 ||    23
       Confused          |       |       |       |       |       |     1 |       |       ||     1
  Eat: Chunk             |       |     5 |    12 |    16 |    25 |    12 |    23 |     5 ||    98
       Ration            |       |       |       |     2 |     4 |     6 |     2 |       ||    14
Armor: Scale mail        |    55 |    34 |       |       |       |       |       |       ||    89
       Plate armour      |       |    62 |   148 |       |       |   574 |   328 |    45 ||  1157
       Pearl dragon scal |       |       |    26 |   241 |   379 |       |       |       ||   646
Dodge: Dodged            |    43 |    67 |   102 |   265 |   381 |   311 |   194 |    33 ||  1396
       Deflected         |       |       |       |       |       |       |     2 |     2 ||     4
Block: Shield            |    66 |   105 |   190 |   337 |   332 |       |       |       ||  1030
       Large shield      |       |       |       |       |   408 |  1175 |  1053 |   182 ||  2818
